 Dungeon Crawl Stone Soup version 0.30-b1-2-g02819fbbbe (webtiles) character file.

Game seed: 9409029967871844948

118 falawelle the Stinger (level 5, -2/31 HPs)
             Began as an Octopode Venom Mage on May 14, 2023.
             Slain by a black bear (4 damage)
             ... on level 3 of the Dungeon.
             The game lasted 00:22:39 (4299 turns).

falawelle the Stinger (Octopode Venom Mage)         Turns: 4299, Time: 00:22:40

Health: -2/31      AC:  1    Str:  8    XL:     5   Next: 2%
Magic:  7/9        EV: 13    Int: 19    God:
Gold:   161        SH:  0    Dex: 12    Spells: 6/9 levels left

rFire   . . .        d - +1 dagger
rCold   . . .        (no shield)
rNeg    . . .        (helmet restricted)
rPois   .            (no amulet)
rElec   .            (no ring)
rCorr   .            (no ring)
SInv    .            (no ring)
Will    .....        (no ring)
Stlth   +++          (no ring)
HPRegen 0.25/turn    (no ring)
MPRegen 0.11/turn    (no ring)
                     (no ring)

%: no passive effects
@: no status effects
A: almost no armour, amphibious, 8 rings, camouflage 1, gelatinous body 1,
(nimble swimmer 1), tentacles
a: no special abilities


You were on level 3 of the Dungeon.
You visited 1 branch of the dungeon, and saw 3 of its levels.

You collected 161 gold pieces.

Inventory:

Hand Weapons
 d - a +1 dagger (weapon)
Scrolls
 e - 2 scrolls of identify
Potions
 f - a potion of brilliance {unknown}
 g - a potion of flight {unknown}
 j - a potion of lignification {unknown}
 k - a potion of heal wounds {unknown}
 n - a potion of mutation {unknown}


   Skills:
 + Level 2.7 Dodging
 + Level 3.8 Stealth
 + Level 2.6 Spellcasting
 + Level 2.1 Transmutations
 * Level 4.6 Poison Magic


You had 6 spell levels left.
You knew the following spells:

 Your Spells              Type           Power      Damage    Failure   Level
a - Sting                 Tmut/Pois      60%        1d6       4%          1
b - Poisonous Vapours     Pois/Air       22%        N/A       10%         2

Your spell library contained the following spells:

 Spells                   Type           Power      Damage    Failure   Level
 Olgreb's Toxic Radiance  Pois           20%        N/A       24%         4
 Mephitic Cloud           Conj/Pois/Air  8%         N/A       26%         3
 Dazzling Flash           Conj/Hex       4%         N/A       43%         3
 Agony                    Necr           2%         N/A       99%         5
 Silence                  Hex/Air        1%         N/A       99%         5


Dungeon Overview and Level Annotations

Branches:
Dungeon (3/15)

Altars:
Cheibriados


Innate Abilities, Weirdness & Mutations

You cannot wear most types of armour.
You are amphibious.
You can wear up to eight rings at the same time.
Your skin changes colour to match your surroundings (Stealth+).
Your rubbery body absorbs attacks. (AC +1, EV +1)
((You are camouflaged when in or above water. (Stealth+)))
You have tentacles for arms and can constrict up to eight enemies at once.


Message History

The hobgoblin barely misses you.
You hit the hobgoblin. Your grab misses the hobgoblin.
The hobgoblin is almost dead.
The bat hits you but does no damage. The kobold attacks as you move away!
The kobold hits you with a +0 dagger. The hobgoblin attacks as you move away!
The hobgoblin completely misses you.
You kill the kobold!
The bat barely misses you.
The endoplasm jiggles.
You miss the bat. You grab the bat. Your squeeze misses the bat.
You constrict the bat. The bat hits you.
The bat struggles to escape constriction.
The bat escapes!
The hobgoblin hits you.
You hit the hobgoblin but do no damage. Your grab misses the hobgoblin.
The hobgoblin is almost dead.
The bat closely misses you. The hobgoblin closely misses you.
You hit the hobgoblin but do no damage. You grab the hobgoblin.
The hobgoblin is almost dead.
You constrict the hobgoblin, but do no damage.
The bat hits you.
The endoplasm hits you but does no damage.
The hobgoblin hits you. Magic courses through your body.
You constrict the hobgoblin.
You kill the hobgoblin!
The black bear bites you. The black bear claws you. x2
* * * LOW HITPOINT WARNING * * *
The endoplasm hits you.
* * * LOW HITPOINT WARNING * * *
Casting: Sting (safe; 4% risk of failure)
Confirm with . or Enter, or press ? or * to list all spells.
Aiming: Poisonous Vapours (safe; 10% risk of failure)
Press: ? - help, Dir - move target, f - black bear
Aim: a black bear Poisonous vapours surround the black bear!
The black bear is poisoned.
The bat hits you.
* * * LOW HITPOINT WARNING * * *
The black bear closely misses you. The black bear claws you.
* * * LOW HITPOINT WARNING * * *
The black bear claws you.
You die...

,,*,,,,* ***,,,*,,,*,,* *,*
,**,,,,*******..#..**,,****,*
,***,,,.,,,,**..#..,,,,,*,,,*
** *,,,#.,,,**#.#.###*,*#.#**
* *,,,#..,,* #.#...,,,*#.#
**,,**..,* #.#..##***#.# ***
*,,####.###b#...# #.#
,,****,......).†#...#####.###*
,,,,***......†gh@...........,*
,,,,,**##......J#.#.#####.####
****,,* ####....#............#
,,**,,** ####.#.#.#######.##
,,,*,,,* ***,..#.#.#### #.#
,,,*,,,* **,,,..#.#....# #.#
,,,,,,,***,,,...#.####.# #.#
****,,,,**,,*##.#.# #.# #.# *
*,,,,*,,,***,#.# #.# #.#


You could see a black bear (poisoned), an endoplasm, a hobgoblin and a bat.

Vanquished Creatures
  An iron imp (D:3)
  An adder (D:2)
  2 dart slugs
  9 bats
  6 endoplasms
  9 goblins
  5 hobgoblins
  7 jackals
  3 quokkas
  9 ball pythons
  7 frilled lizards
  7 kobolds
  5 rats
71 creatures vanquished.

Notes
Turn   | Place    | Note
-------+----------+-------------------------------------------
     0 | D:1      | falawelle the Octopode Venom Mage began the quest for the
                  | Orb.
     0 | D:1      | Reached XP level 1. HP: 11/11 MP: 3/3
   131 | D:1      | Reached XP level 2. HP: 3/17 MP: 0/5
   982 | D:1      | Reached XP level 3. HP: 4/21 MP: 3/6
  1213 | D:1      | Learned a level 2 spell: Poisonous Vapours
  1428 | D:1      | Reached skill level 4 in Poison Magic
  2819 | D:2      | Reached XP level 4. HP: 17/27 MP: 7/7
  3826 | D:3      | Found a snail-covered altar of Cheibriados.
  4287 | D:3      | Noticed a black bear
  4288 | D:3      | Reached XP level 5. HP: 24/31 MP: 1/9
  4299 | D:3      | Slain by a black bear

Illustrated notes

Levels and vault maps discovered:
D:1:      saegor_arrival_simple_c, layout_basic
D:2:      kb_forest_paths, layout_basic
D:3:      minmay_recursive_quarters, layout_basic, slow_altar_1, uniq_grinder

Skill      XL: |  1  2  3  4 |
---------------+-------------+-----
Stealth        | 3 |  3.8
Poison Magic   | 4 |  4.6
Transmutations | 2 |  2.1
Dodging        | |  2.7
Spellcasting   | |  2.6

Action                     |  1- 3 |  4- 6 || total
---------------------------+-------+-------++-------
  Melee: Unarmed           |     5 |       ||     5
         Dagger            |    86 |    47 ||   133
         Constrict         |    20 |    14 ||    34
         Tentacles         |    11 |    10 ||    21
         Punch             |     1 |       ||     1
   Cast: Sting             |    15 |    12 ||    27
         Poisonous Vapours |     1 |     6 ||     7
    Use: Scroll            |     1 |     5 ||     6
         Potion            |       |     1 ||     1
   Stab: Sleeping          |     8 |     1 ||     9
 Armour: Skin              |     8 |     9 ||    17
  Dodge: Dodged            |    58 |    51 ||   109
